 Dungeon Crawl Stone Soup version 0.29.0-13-gc9e81de378 (webtiles) character file.

Game seed: 2465470314448116443

21493 KamiKatze the Cleaver (level 12, 0/109 HPs)
             Began as a Gargoyle Fighter on Sept 10, 2022.
             Was an Elder of Trog.
             Slain by a reaper
             ... wielding a +2 scythe of freezing
              (4 damage)
             ... in an ice cave.
             The game lasted 01:02:20 (17109 turns).

KamiKatze the Cleaver (Gargoyle Fighter)           Turns: 17109, Time: 01:02:21

Health: 0/109      AC: 30    Str: 24    XL:     12   Next: 90%
Magic:  12/12      EV: 10    Int: 10    God:    Trog [****..]
Gold:   241        SH: 10    Dex:  9    Spells: 11/11 levels left

rFire   x x .      SeeInvis .   a - +3 war axe (freeze)
rCold   + + +      Faith    .   R - +0 kite shield {AC+3}
rNeg    + . .      Spirit   .   q - +3 scale mail {rC+}
rPois   ∞          Reflect  .   A - +2 hat
rElec   +          Harm     .   (no cloak)
rCorr   .          Rampage  .   m - +2 pair of gloves
Will    .....                   T - +1 pair of boots
Stlth   ..........              f - amulet of regeneration
HPRegen 1.08/turn               d - ring of ice
MPRegen 0.13/turn               G - ring of ice

@: berserking, very quick
A: sickness immunity, AC +8, negative energy resistance 1, electricity
resistance, torment resistance 1, petrification resistance
a: Renounce Religion, Berserk, Trog's Hand, Brothers in Arms


You were in an ice cave.
You worshipped Trog.
Trog was greatly pleased with you.
You visited 3 branches of the dungeon, and saw 16 of its levels.
You also visited: Ice Cave.

You collected 985 gold pieces.
You spent 744 gold pieces at shops.

Inventory:

Hand Weapons
 a - a +3 war axe of freezing (weapon)
 b - a -2 demon whip of venom
 w - a +1 flail of protection
 J - a +0 morningstar
 K - a +3 war axe of freezing
 M - a +0 trident
Missiles
 c - 5 atropa-tipped darts
 e - 50 stones
 j - a curare-tipped dart
 n - 33 poisoned darts (quivered)
Armour
 l - a +0 chain mail
 m - a +2 pair of gloves (worn)
 q - a +3 scale mail of cold resistance (worn)
 A - a +2 hat (worn)
 L - a +0 plate armour
 Q - +0 acid dragon scales
 R - a +0 kite shield of protection (worn)
 S - a +2 kite shield
 T - a +1 pair of boots (worn)
Jewellery
 d - a ring of ice (left hand)
 f - an amulet of regeneration (around neck)
 z - a +6 ring of intelligence
 B - a +4 ring of evasion
 D - a +6 ring of strength
 G - a ring of ice (right hand)
 H - a ring of see invisible
 V - a +4 ring of protection
Wands
 s - a wand of light (13)
 v - a wand of flame (38)
 x - a wand of paralysis (5)
 E - a wand of polymorph (14)
 O - a wand of iceblast (11)
Scrolls
 p - a scroll of silence
 u - 3 scrolls of magic mapping
 y - 4 scrolls of fog
 C - 10 scrolls of identify
 F - a scroll of enchant weapon
 U - a scroll of blinking
 X - a scroll of teleportation
Potions
 g - 3 potions of lignification
 i - 4 potions of flight
 k - 5 potions of curing
 o - 3 potions of haste
 r - 2 potions of cancellation
 t - 4 potions of attraction
 N - a potion of ambrosia
 P - a potion of invisibility
 W - a potion of heal wounds


   Skills:
 + Level 7.9 Fighting
 * Level 12.8 Axes
 - Level 4.0 Throwing
 + Level 7.8 Armour
 + Level 5.0 Dodging
 * Level 9.6 Shields
 + Level 6.4 Evocations


You had 11 spell levels left.
You didn't know any spells.
Your spell library contained the following spells:

 Spells                   Type           Power      Damage    Failure   Level
 Petrify                  Tmut/Erth      0%         N/A       100%        4
 Irradiate                Conj/Tmut      0%         3d11      100%        5
 Sublimation of Blood     Necr           Unusable   N/A       N/A         2

Dungeon Overview and Level Annotations

Branches:
Dungeon (11/15)            Temple (1/1) D:6            Lair (4/5) D:11
 Shoals (0/4) Lair:3       Spider (0/4) Lair:3          Orc (0/2) D:9
  IceCv (1/1)
  Slime: Lair:4-5

Altars:
Ashenzari
Cheibriados
Dithmenos
Elyvilon
Fedhas
Gozag
Hepliaklqana
Kikubaaqudgha
Makhleb
Nemelex Xobeh
Okawaru
Qazlal
Ru
Sif Muna
Trog
Uskayaw
Vehumet
Wu Jian
Xom
Yredelemnul
Zin
The Shining One

Shops:
D:1 [*[   D:2 ?=:(!   D:3 *   D:9 :

Annotations:
D:6 3 runed translucent doors, exclusion: 3 doors, Smoky173's ghost, novice OgIE


Innate Abilities, Weirdness & Mutations

You are immune to sickness and miasma.
Your stone body is resilient. (AC +8)
You are immune to poison.
You resist negative energy. (rN+)
You are resistant to electric shocks. (rElec)
You are resistant to unholy torment.
You are immune to petrification.


Message History

Trog accepts your kill.
Unknown command.
You hit the reaper but do no damage.
The reaper is lightly wounded.
The reaper hits you with a +2 scythe of freezing!
* * * LOW HITPOINT WARNING * * *
Unknown command.
You hit the reaper.
The reaper is lightly wounded.
Your skin stops crawling.
You feel less strong-willed.
You slash the reaper!
The reaper is moderately wounded.
The reaper hits you with a +2 scythe of freezing.
* * * LOW HITPOINT WARNING * * *
You closely miss the reaper.
The reaper is moderately wounded.
You block the reaper's attack.
You hit the reaper but do no damage.
The reaper is moderately wounded.
You hit the reaper but do no damage.
The reaper is moderately wounded.
The reaper hits you with a +2 scythe of freezing!!
* * * LOW HITPOINT WARNING * * *
The reaper freezes you.
* * * LOW HITPOINT WARNING * * *
You slash the reaper!
The reaper is heavily wounded.
The reaper hits you but does no damage.
You hit the reaper but do no damage.
The reaper is heavily wounded.
You hit the reaper.
The reaper is heavily wounded.
The reaper hits you with a +2 scythe of freezing!!
* * * LOW HITPOINT WARNING * * *
The reaper freezes you.
* * * LOW HITPOINT WARNING * * *
You hit the reaper but do no damage.
The reaper is heavily wounded.
The reaper hits you with a +2 scythe of freezing.
You die...

#..2.....## ...###....##
.###.###...# #####
##....##...# #####...##
....÷##..###### ##........##
..[.........#.###..........#
#)..##.........#..........##
############...............#
.### ###.2@.........##
...###### ###..........#
#2......# ###.#....#.#
......... ####..####
.......## ##≈##...##
.4####..# #.≈≈≈.#..## ..# ..
#...#≈≈≈##..# .## . ..
#####...# ## ##...##


You could see a reaper.

Vanquished Creatures
  Fannar (D:10)
  A hydra (D:11)
  A two-headed ogre (D:10)
  Urug (Lair:2)
  Amaemon (D:8)
  Pikel (D:7)
  2 ugly things
  A manticore (D:11)
  2 ice statues (IceCv)
  3 black mambas
  An orange demon (D:8)
  A gargoyle (D:11)
  4 cane toads
  5 komodo dragons
  4 ice devils (IceCv)
  2 polar bears (Lair:2)
  2 trolls (D:11)
  A snapping turtle (Lair:3)
  2 wyverns
  A shadow (D:11)
  A wraith (D:10)
  21 yaks
  A vampire (D:11)
  2 steam dragons
  A redback (Lair:3)
  3 vampire mosquitoes (D:9)
  Menkaure (D:5)
  A hydra simulacrum (IceCv)
  An acid dragon (D:9)
  5 water moccasins
  5 orc warriors
  2 ice beasts (D:8)
  A black bear (D:6)
  4 ogres
  3 wolves (Lair:1)
  6 centaurs
  A phantom (D:5)
  3 lemures (D:7)
  4 kobold brigands
  5 bullfrogs
  A cane toad simulacrum (IceCv)
  3 necrophages
  2 two-headed ogre simulacra (IceCv)
  9 wights
  4 killer bees (D:10)
  4 howler monkeys
  A hound (D:5)
  A centaur zombie (D:6)
  14 orc priests
  Jessica (D:2)
  3 iguanas
  4 orc wizards
  2 troll simulacra (IceCv)
  3 polar bear simulacra (IceCv)
  7 spriggan simulacra (IceCv)
  2 wolf simulacra (IceCv)
  A howler monkey zombie (D:6)
  6 adders
  15 gnolls
  A shadow imp (D:6)
  2 white imps
  2 ufetubi
  5 worms
  6 dart slugs
  36 orcs
  11 ball pythons
  6 endoplasms
  7 giant cockroaches
  22 hobgoblins
  6 jackals
  7 quokkas
  5 bats
  4 frilled lizards (D:2)
  35 goblins
  27 kobolds
  7 rats
380 creatures vanquished.

Vanquished Creatures (others)
  2 fungi
  4 plants
6 creatures vanquished.

Grand Total: 386 creatures vanquished

Notes
Turn   | Place    | Note
-------+----------+-------------------------------------------
     0 | D:1      | KamiKatze the Gargoyle Fighter began the quest for the Orb.
     0 | D:1      | Reached XP level 1. HP: 14/14 MP: 1/1
    67 | D:1      | Found Fyjisekh's Assorted Antiques.
   128 | D:1      | Reached XP level 2. HP: 19/19 MP: 2/2
   214 | D:1      | Reached skill level 2 in Axes
   291 | D:1      | Reached XP level 3. HP: 17/23 MP: 3/3
   303 | D:1      | Found Ziokal's Antique Armour Shop.
   481 | D:1      | Found a faded altar of an unknown god.
   570 | D:1      | Found Etsitait's Armour Boutique.
   813 | D:2      | Reached XP level 4. HP: 18/29 MP: 4/4
   815 | D:2      | Reached skill level 1 in Throwing
   815 | D:2      | Reached skill level 1 in Evocations
   949 | D:2      | Found Kewkudig's Magic Scroll Boutique.
  1068 | D:2      | Found Cued's Weapon Emporium.
  1106 | D:2      | Found Fumeigau's Book Emporium.
  1124 | D:2      | Noticed Jessica
  1141 | D:2      | Killed Jessica
  1151 | D:2      | Found Hostig's Distillery.
  1164 | D:2      | Bought a potion of might for 40 gold pieces
  1366 | D:2      | Found Ecigus's Jewellery Shop.
  1377 | D:2      | Reached XP level 5. HP: 30/33 MP: 5/5
  1541 | D:2      | Found an opulent altar of Gozag.
  1991 | D:3      | Found a white marble altar of Elyvilon.
  2238 | D:3      | Found Huxko's General Store.
  2740 | D:1      | Bought a scroll labelled PUHIQ LASUA for 22 gold pieces
  2741 | D:1      | Bought a murky black potion for 19 gold pieces
  3079 | D:4      | Reached skill level 3 in Axes
  3079 | D:4      | Reached XP level 6. HP: 38/38 MP: 6/6
  3248 | D:4      | Found a shimmering blue altar of Sif Muna.
  3703 | D:5      | Entered Level 5 of the Dungeon
  3840 | D:2      | Bought a scroll of magic mapping for 97 gold pieces
  4029 | D:5      | Noticed Menkaure
  4049 | D:5      | Killed Menkaure
  4050 | D:5      | Reached XP level 7. HP: 12/43 MP: 7/7
  4321 | D:5      | Reached skill level 4 in Axes
  5012 | D:5      | Reached skill level 5 in Axes
  5740 | D:5      | Reached skill level 6 in Axes
  5740 | D:5      | Reached XP level 8. HP: 48/48 MP: 8/8
  6268 | D:5      | Reached skill level 7 in Axes
  6643 | D:2      | Bought a scroll of blinking for 97 gold pieces
  6719 | D:3      | Bought a potion of degeneration for 13 gold pieces
  6814 | D:6      | Found a staircase to the Ecumenical Temple.
  6825 | Temple   | Entered the Ecumenical Temple
  6991 | Temple   | Became a worshipper of Trog the Wrathful
  7155 | D:6      | Reached skill level 8 in Axes
  7332 | D:6      | Found an opulent altar of Gozag.
  7523 | D:6      | Found a runed translucent gate.
  7523 | D:6      | Found a runed translucent gate.
  7523 | D:6      | Found a runed translucent gate.
  7523 | D:6      | Noticed Smoky173's ghost (novice OgIE)
  7525 | D:6      | Found a basalt altar of Yredelemnul.
  7535 | D:6      | Reached XP level 9. HP: 49/52 MP: 9/9
  7656 | D:6      | Reached skill level 9 in Axes
  7852 | D:7      | Found a blossoming altar of Fedhas.
  7854 | D:7      | Identified the +0 robe "Manehox" {rN+}
  7989 | D:7      | Found a burning altar of Makhleb.
  8041 | D:7      | Reached * piety under Trog
  8042 | D:7      | Reached skill level 10 in Axes
  8276 | D:2      | Bought 2 potions of heal wounds for 100 gold pieces
  8335 | D:2      | Bought a scroll of identify for 26 gold pieces
  8788 | D:7      | Noticed Pikel
  8802 | D:7      | Killed Pikel
  8803 | D:7      | Reached skill level 1 in Dodging
  8954 | D:7      | Found a shadowy altar of Dithmenos.
  9068 | D:8      | You fall into a shaft and drop 2 floors!
  9068 | D:10     | Entered Level 10 of the Dungeon
  9129 | D:9      | Reached XP level 10. HP: 41/58 MP: 10/10
  9381 | D:8      | Noticed Amaemon
  9381 | D:8      | Noticed an orange demon
  9428 | D:8      | Killed Amaemon
  9429 | D:8      | Reached skill level 5 in Fighting
  9429 | D:8      | Reached skill level 5 in Armour
  9429 | D:8      | Reached skill level 5 in Shields
  9433 | D:8      | Killed an orange demon
  9763 | D:8      | Reached ** piety under Trog
  9822 | D:8      | Found an iron altar of Okawaru.
 10375 | D:8      | Found an ornate altar of the Wu Jian Council.
 10615 | D:9      | Reached skill level 11 in Axes
 10926 | D:9      | Found Ehaty's Book Emporium.
 11392 | D:9      | Reached XP level 11. HP: 56/64 MP: 11/11
 11655 | D:9      | Found a staircase to the Orcish Mines.
 11923 | D:1      | Bought a glowing kite shield for 165 gold pieces
 11923 | D:1      | Bought a runed kite shield for 165 gold pieces
 12319 | D:10     | Noticed a two-headed ogre
 12345 | D:10     | Killed a two-headed ogre
 12346 | D:10     | Reached skill level 5 in Evocations
 12501 | D:10     | Noticed Fannar
 12533 | D:10     | HP: 3/64 [Fannar/+0 quarterstaff of freezing (3)]
 12534 | D:10     | HP: 1/64 [Fannar/+0 quarterstaff of freezing (24)]
 12539 | D:10     | Killed Fannar
 12935 | D:10     | Found a sparkling altar of Nemelex Xobeh.
 13393 | D:11     | Reached *** piety under Trog
 13441 | D:11     | Noticed a manticore
 13458 | D:11     | Killed a manticore
 13724 | D:11     | Noticed a brown ugly thing
 13736 | D:11     | Killed a brown ugly thing
 13801 | D:11     | Found a staircase to the Lair.
 13869 | D:11     | Identified a scroll of acquirement
 13926 | D:11     | Noticed an eight-headed hydra
 13946 | D:11     | Killed an eight-headed hydra
 13947 | D:11     | Reached skill level 12 in Axes
 14222 | Lair:1   | Entered Level 1 of the Lair of Beasts
 14461 | Lair:1   | Reached XP level 12. HP: 71/71 MP: 12/12
 15312 | Lair:2   | Found a shimmering altar of Xom.
 15478 | Lair:2   | Noticed Urug
 15493 | Lair:2   | Killed Urug
 16077 | Lair:3   | Found a hole to the Spider Nest.
 16297 | Lair:3   | Found a staircase to the Shoals.
 16565 | Lair:4   | Found a frozen archway.
 16579 | IceCv    | Entered an ice cave
 16931 | IceCv    | Reached **** piety under Trog
 17025 | IceCv    | Noticed a reaper
 17056 | IceCv    | Reached skill level 5 in Dodging
 17108 | IceCv    | HP: 4/109 [reaper/+2 scythe of freezing (19)]
 17109 | IceCv    | Slain by a reaper

Illustrated notes

Levels and vault maps discovered:
D:1:      minmay_arrival_open_corners, layout_loops_ring,
          hellmonk_ecumenical_altar_defaced_shrine, serial_shops, shop,
          nicolae_shop_temple_entry_statues_fountains, nicolae_shop_behind_doors
D:2:      layout_loops_corners, basic_altar, serial_shops,
          nicolae_shop_advertising_works [nicolae_subvault_shop_adworks],
          nicolae_shop_statue_plus, shop, shop, shop_fountains,
          minmay_tetromino_l2, uniq_jessica
D:3:      layout_loops_ring, mainiacjoe_overflow_alcove_1, serial_shops,
          nicolae_shop_crystal, chequers_serial_rivers_small_3
D:4:      layout_basic, marbit_many_paths, hangedman_decor_peaks_small
D:5:      minmay_goblin_kobold_castle, layout_basic, uniq_menkaure
D:6:      layout_rooms, nicolae_gozag_seed_capital,
          nicolae_yredelemnul_ghost_church, minmay_temple_entry_glass
D:7:      layout_basic, mainiacjoe_overflow_small_starburst, kennysheep_mini,
          fedhas_ov_isle_minmay, uniq_pikel
D:8:      layout_basic, amcnicky_altar_gilded, kennysheep_okawaru_gauntlet,
          kennysheep_decorative_pillar, skrybe_limestone_x, uniq_amaemon
D:9:      layout_loops_ring, david_orc_4, serial_shops, nicolae_shop_crystal
D:10:     layout_stronghold, nemelex_diamond_rough_becter, uniq_fannar
D:11:     layout_gridville, lair_entry_dummy, chequers_serial_rivers_micro_c
Temple:   hellmonk_temple_flake
Lair:1:   layout_cellular_growth
Lair:2:   layout_cave_shapes, basic_altar, uniq_urug
Lair:3:   layout_roguey, minmay_shoals_entry_hut, spider_nest_entry_a,
          grunt_megastairs_5
Lair:4:   layout_gridlike, portal_ice_cave_entry_pillars_1, grunt_megastairs_4
IceCv:    ice_cave_small_demon

Skill      XL: |  1  2  3  4  5  6  7  8  9 10 11 12 |
---------------+-------------------------------------+-----
Axes           | 2 3 6 8 10 11 12 | 12.8
Throwing       | 1 2 3 4 |  4.0
Evocations     | 1 2 3 4 5 6 |  6.4
Fighting       | 4 5 6 7 |  7.9
Armour         | 4 5 6 7 |  7.8
Shields        | 4 5 7 9 |  9.6
Dodging        | 1 2 4 5 |  5.0

Action                   |  1- 3 |  4- 6 |  7- 9 | 10-12 || total
-------------------------+-------+-------+-------+-------++-------
Melee: War axe           |   100 |   223 |   369 |   691 ||  1383
       Hand axe          |       |       |     6 |       ||     6
       Trident           |       |       |       |     4 ||     4
       Flail             |       |       |       |     6 ||     6
Throw: Dart              |       |     5 |     9 |     3 ||    17
Invok: Berserk           |       |       |     1 |     6 ||     7
       Trog's Hand       |       |       |       |     1 ||     1
Evoke: Wand              |       |       |     2 |     3 ||     5
  Use: Scroll            |       |    11 |     8 |     8 ||    27
       Potion            |       |     1 |       |     7 ||     8
 Stab: Paralysed         |       |       |       |     3 ||     3
Armor: Scale mail        |    64 |   108 |   247 |   151 ||   570
       Acid dragon scale |       |       |       |   136 ||   136
Dodge: Dodged            |    56 |   112 |   202 |   303 ||   673
Block: Buckler           |    33 |    59 |    97 |    26 ||   215
       Kite shield       |       |       |       |   233 ||   233
